 Dungeon Sprint DCSS version 0.29-a0-2-g12fcac58f8 (webtiles) character file.

Game seed: 8472386355251657411

1568 mhtbhm the Basher (level 8, 0/93 HPs)
             Began as a Troll Berserker on Jan 27, 2022.
             Was an Elder of Trog.
             Slain by a wraith (2 damage)
             ... while petrified by a catoblepas
             ... in the Dungeon (Sprint IX: "|||||||||||||||||||||||||||||").
             The game lasted 00:00:52 (311 turns).

mhtbhm the Basher (Troll Berserker)                  Turns: 311, Time: 00:00:53

Health: 0/93       AC:  4    Str: 28    XL:     8   Next: 59%
Magic:  7/7        EV:  1    Int:  9    God:    Trog [****..]
Gold:   0          SH:  0    Dex:  9    Spells: 7/7 levels left

rFire   . . .      SeeInvis .   a - +2 dire flail (vorpal)
rCold   . . .      Faith    .   (shield currently unavailable)
rNeg    + + +      Spirit   .   b - +0 animal skin
rPois   ∞          Reflect  .   (helmet restricted)
rElec   .          Harm     .   (no cloak)
rCorr   .          Rampage  .   (gloves unavailable)
Will    .....      NoTele   +   (boots unavailable)
Stlth   +.........              (no amulet)
HPRegen 1.05/turn               k - +3 ring of intelligence
MPRegen 0.10/turn               l - +3 ring of intelligence

@: petrified, on berserk cooldown, slowed
A: large, unfitting armour, claws 3, regeneration 1, shaggy fur 1, tough skin 1
a: Renounce Religion, Berserk, Trog's Hand, Brothers in Arms


You were in the Dungeon.
You worshipped Trog.
Trog was greatly pleased with you.
You visited 1 branch

Inventory:

Hand Weapons
 a - a +2 vorpal dire flail (weapon)
Missiles
 m - a curare-tipped dart (quivered)
Armour
 b - a +0 animal skin (worn)
Jewellery
 k - a +3 ring of intelligence (left claw)
 l - a +3 ring of intelligence (right claw)
Wands
 j - a wand of iceblast (8)
Scrolls
 h - 2 scrolls of blinking
Potions
 c - 5 potions of curing
 d - 3 potions of heal wounds
 e - a potion of haste
 f - 4 potions of magic
 g - a potion of berserk rage
 i - a potion of invisibility


   Skills:
 + Level 9.6 Fighting
 + Level 12.0 Maces & Flails
 + Level 8.5 Dodging
 + Level 0.2 Evocations


You had 7 spell levels left.
You didn't know any spells.
Your spell library was empty.

Dungeon Overview and Level Annotations

Branches:
Dungeon (1/1)

Altars:
Cheibriados
Dithmenos
Elyvilon
Fedhas
Gozag
Hepliaklqana
Kikubaaqudgha
Makhleb
Nemelex Xobeh
Okawaru
Qazlal
Ru
Sif Muna
Trog
Uskayaw
Vehumet
Wu Jian
Xom
Yredelemnul
Zin
The Shining One
Beogh
Jiyva
Lugonu


Innate Abilities, Weirdness & Mutations

You are too large for most types of armour.
You have claws for hands.
Your natural rate of healing is unusually fast.
You are covered in fur. (AC +1)
You have tough skin. (AC +1)


Message History

The catoblepas gores you!!
You are engulfed in calcifying dust.
The catoblepas gores you!! x2
The catoblepas breathes a plume of calcifying dust at you.
The blast of calcifying dust hits you.
You are engulfed in calcifying dust.
The catoblepas completely misses you.
You are engulfed in calcifying dust.
The catoblepas gores you!!
You are engulfed in calcifying dust.
The catoblepas gores you!!
* * * LOW HITPOINT WARNING * * *
You are engulfed in calcifying dust.
The catoblepas gores you!!
* * * LOW HITPOINT WARNING * * *
You turn to flesh and can move again.
You completely miss the catoblepas.
The catoblepas is almost dead.
You are engulfed in calcifying dust.
You are slowing down.
You impale the catoblepas!!
You kill the catoblepas!
Trog accepts your kill.
You are engulfed in calcifying dust.
Your limbs have turned to stone.
You have turned to stone.
Your Fighting skill increases to level 9!
Your Maces & Flails skill gained 2 levels and is now at level 12!
Your Dodging skill increases to level 8!
You have reached level 8!
You are engulfed in calcifying dust.
The wraith hits you!
* * * LOW HITPOINT WARNING * * *
The wraith drains your vigour!
You feel yourself slow down.
You are no longer berserk.
You feel as though you will be slow longer.
The wraith hits you but does no damage. The wraith hits you!
* * * LOW HITPOINT WARNING * * *
The wraith hits you!
* * * LOW HITPOINT WARNING * * *
The wraith hits you!
* * * LOW HITPOINT WARNING * * *
The wraith drains your vigour!
You feel as though you will be slow longer.
The wraith hits you.
You die... ▓▓▓▓▓▓▓▓▓▓▓▓▓▓▓▓▓▓▓▓▓▓▓▓▓▓▓ V.....{cCW@))'..[[[.)?.'___ ▓▓▓▓▓▓▓▓▓▓▓▓▓▓▓▓▓▓▓▓▓▓▓▓▓▓▓

You could see a centaur warrior, a cyclops and a wraith.

Vanquished Creatures
  A catoblepas (D)
  A kobold demonologist (D)
  A troll (D)
  A wraith (D)
  An orc warrior (D)
  An ogre (D)
  A centaur (D)
  A kobold brigand (D)
  An adder (D)
  A shadow imp (D)
  2 orcs (D)
  An endoplasm (D)
  A giant cockroach (D)
  A goblin (D)
  2 bats (D)
  A quokka zombie (D)
18 creatures vanquished.

Notes
Turn   | Place    | Note
-------+----------+-------------------------------------------
     0 | D        | mhtbhm the Troll Berserker began the quest for the Orb.
     0 | D        | Reached XP level 1. HP: 22/22 MP: 0/0
     9 | D        | Reached ** piety under Trog
    10 | D        | Reached skill level 3 in Maces & Flails
   121 | D        | Noticed an ogre
   125 | D        | Reached XP level 2. HP: 30/31 MP: 1/1
   125 | D        | Reached *** piety under Trog
   131 | D        | Killed an ogre
   132 | D        | Reached skill level 5 in Maces & Flails
   132 | D        | Reached XP level 3. HP: 25/41 MP: 2/2
   132 | D        | Reached XP level 4. HP: 30/49 MP: 3/3
   137 | D        | Reached skill level 5 in Fighting
   169 | D        | Found a snail-covered altar of Cheibriados.
   169 | D        | Found a shadowy altar of Dithmenos.
   169 | D        | Found a white marble altar of Elyvilon.
   169 | D        | Found a blossoming altar of Fedhas.
   169 | D        | Found an opulent altar of Gozag.
   170 | D        | Found a hazy altar of Hepliaklqana.
   171 | D        | Found a viscous altar of Jiyva.
   172 | D        | Found an ancient bone altar of Kikubaaqudgha.
   173 | D        | Found a corrupted altar of Lugonu.
   174 | D        | Found a burning altar of Makhleb.
   175 | D        | Found a sparkling altar of Nemelex Xobeh.
   176 | D        | Found an iron altar of Okawaru.
   177 | D        | Found a stormy altar of Qazlal.
   178 | D        | Found a sacrificial altar of Ru.
   179 | D        | Found a shimmering blue altar of Sif Muna.
   180 | D        | Found a bloodstained altar of Trog.
   181 | D        | Found a hide-covered altar of Uskayaw.
   182 | D        | Found a radiant altar of Vehumet.
   183 | D        | Found an ornate altar of the Wu Jian Council.
   184 | D        | Found a shimmering altar of Xom.
   185 | D        | Found a basalt altar of Yredelemnul.
   186 | D        | Found a glowing silver altar of Zin.
   187 | D        | Found a glowing golden altar of the Shining One.
   216 | D        | Noticed a centaur
   216 | D        | Noticed a kobold demonologist
   216 | D        | Noticed an orc warrior
   216 | D        | Noticed a troll
   216 | D        | Noticed a kobold brigand
   222 | D        | Killed a kobold brigand
   222 | D        | Reached **** piety under Trog
   223 | D        | Reached skill level 6 in Maces & Flails
   223 | D        | Reached skill level 5 in Dodging
   223 | D        | Reached XP level 5. HP: 59/59 MP: 4/4
   224 | D        | Noticed a hellwing
   225 | D        | Killed a troll
   226 | D        | Reached skill level 8 in Maces & Flails
   226 | D        | Reached XP level 6. HP: 71/71 MP: 5/5
   227 | D        | Killed an orc warrior
   228 | D        | Reached skill level 9 in Maces & Flails
   231 | D        | Killed a kobold demonologist
   231 | D        | Reached ***** piety under Trog
   232 | D        | Reached skill level 10 in Maces & Flails
   232 | D        | Reached XP level 7. HP: 39/80 MP: 6/6
   279 | D        | Noticed a vampire
   279 | D        | Noticed a centaur warrior
   279 | D        | Noticed a cyclops
   279 | D        | Noticed a catoblepas
   279 | D        | Noticed a wraith
   279 | D        | Noticed a wraith
   285 | D        | Killed a wraith
   305 | D        | Killed a catoblepas
   306 | D        | Reached skill level 12 in Maces & Flails
   306 | D        | Reached XP level 8. HP: 22/93 MP: 7/7
   310 | D        | HP: 1/93 [wraith (6)]
   311 | D        | Slain by a wraith

Illustrated notes

Levels and vault maps discovered:
D:        linesprint [early_d, line_temple, items_1, d_10, items_2, lair_1,
          lair_end, items_3, orc_1, orc_end, items_4, d_15, swamp_1, shoals_1,
          snake_1, spider_1, d_20, vaults_1, items_5, swamp_end, shoals_end,
          snake_end, spider_end, vaults_end, d_27, items_6, zot_1, zot_end,
          crypt_end, forest_end, elf_end, slime_end, tomb_end, abyss_end,
          pan_hell_end]

Skill      XL: |  1  2  3  4  5  6  7 |
---------------+----------------------+-----
Maces & Flails | 3 5 6 8 10 12 | 12.0
Fighting       | 3 4 5 7 8 9 |  9.6
Dodging        | 3 4 5 6 7 8 |  8.5
Evocations     | |  0.2

Action                   |  1- 3 |  4- 6 |  7- 9 || total
-------------------------+-------+-------+-------++-------
Melee: Mace              |    19 |     5 |       ||    24
       Dire flail        |       |    12 |    13 ||    25
Invok: Berserk           |     1 |     1 |     1 ||     3
       Brothers in Arms  |       |       |     1 ||     1
Evoke: Wand              |       |       |     2 ||     2
Armor: Animal skin       |     5 |     4 |     5 ||    14
Dodge: Dodged            |     7 |     4 |     9 ||    20

Table legend: (Time is in decaauts)
 A = Elapsed time spent in this place.
 B = Non-inter-level travel time spent in this place.
 C = Inter-level travel time spent in this place.
 D = Time resting spent in this place.
 E = Time spent auto-exploring this place.
 F = Levels seen in this place.
 G = Mean time per level.
                   A        B        C        D        E       F      G
               +--------+--------+--------+--------+--------+-----+--------+
         Total |    324 |    324 |      0 |    173 |      3 |   1 |  324.0 |
       Dungeon |    324 |    324 |      0 |    173 |      3 |   1 |  324.0 |
               +--------+--------+--------+--------+--------+-----+--------+

Top non-repeatable levels by time:
       D: 324 daAuts
